AoeStats
← oveou

Arena

507729280Analyzed
4v4 RM · 13d ago on Sep 19, 2026· 59m 37s· 8 players
Game mode
Random Map
Map size
Large (8 player)
Population
200
Speed
Normal
Resources
Standard
Victory
Conquest
Starting age
Dark Age
Ending age
Imperial Age
RankedLock teamsTeams togetherTeam positionsShared explorationLock speedFull tech treeHidden civsTurbo modeCheats
Victory
Defeat
🇪🇸 Cumans · Spain
1271
+15
🇨🇳 Inca · China
1236
+17
🇳🇴 Spanish · Norway
1231
+17
🇦🇷 Turks · Argentina
1194
+19
🇹🇼 Teutons · Taiwan
1310
-18
🇹🇼 Huns · Taiwan
1269
-18
🇹🇼 Bohemians · Taiwan
1267
-18
🇹🇼 Spanish · Taiwan
1175
-14
LePetard
9:08 Loom
11:22 Feudal Age
12:20 Double-Bit Axe
12:50 Horse Collar
16:03 Castle Age
15:11 Stone Mining
17:42 Stone Shaft Mining
26:43 Bow Saw
29:02 Wheelbarrow
29:09 Gold Mining
34:14 Imperial Age
32:06 Squires
31:26 Pikeman
33:25 Scale Mail Armor
33:34 Town Watch
34:44 Hand Cart
35:44 Conscription
34:47 Halberdier
35:43 Chain Mail Armor
38:49 Plate Mail Armor
38:30 Forging
39:26 Supremacy
38:44 Cavalier
39:25 Husbandry
39:36 Bloodlines
42:10 Scale Barding Armor
42:41 Iron Casting
42:44 Masonry
43:35 Chemistry
44:02 Two-Man Saw
44:10 Chain Barding Armor
45:41 Blast Furnace
44:45 Paladin
48:12 Heavy Plow
49:08 Plate Barding Armor
50:27 Architecture
50:31 Light Cavalry
52:09 Hussar
hcenemod
8:15 Feudal Age
9:07 Double-Bit Axe
9:30 Horse Collar
19:49 Castle Age
17:52 Gold Mining
22:09 Bow Saw
23:37 Capped Ram
25:44 Pikeman
26:42 Scale Mail Armor
27:19 Wheelbarrow
27:57 Forging
28:48 Chain Mail Armor
29:21 Hand Cart
32:32 Iron Casting
32:02 Scale Barding Armor
32:26 Bloodlines
31:36 Light Cavalry
32:35 Heavy Plow
32:33 Loom
33:25 Gold Shaft Mining
35:21 Chain Barding Armor
35:35 Stone Mining
43:55 Imperial Age
42:08 Squires
44:09 Hussar
44:41 Elite Steppe Lancer
46:30 Plate Barding Armor
46:43 Crop Rotation
46:00 Halberdier
48:17 Two-Man Saw
49:21 Blast Furnace
52:22 Plate Mail Armor
57:59 Siege Ram
59:16 Conscription
Thổ Dân Da Đỏ
5:28 Loom
11:36 Feudal Age
16:55 Castle Age
14:45 Double-Bit Axe
15:09 Gold Mining
21:05 Imperial Age
19:28 Bow Saw
29:11 Padded Archer Armor
32:56 Wheelbarrow
36:59 Parthian Tactics
36:27 Fletching
37:13 Leather Archer Armor
37:20 Ballistics
38:44 Hand Cart
42:57 Bodkin Arrow
43:09 Scale Barding Armor
43:15 Forging
43:18 Bloodlines
44:54 Ring Archer Armor
44:46 Chain Barding Armor
44:31 Husbandry
47:25 Bracer
48:01 Plate Barding Armor
48:52 Iron Casting
48:50 Conscription
53:49 Blast Furnace
56:58 Hoardings
oveou
11:09 Feudal Age
15:05 Castle Age
13:00 Double-Bit Axe
12:56 Horse Collar
16:42 Crossbowman
17:37 Fletching
18:13 Loom
18:29 Champi Runner
19:12 Scale Mail Armor
19:47 Padded Archer Armor
22:18 Wheelbarrow
22:25 Pikeman
25:06 Forging
27:35 Hand Cart
27:07 Town Watch
27:28 Heavy Plow
32:14 Bow Saw
33:00 Bodkin Arrow
36:11 Imperial Age
34:34 Gold Mining
35:34 Ballistics
36:05 Thumb Ring
36:18 Leather Archer Armor
37:58 Fortified Wall
39:09 Chain Mail Armor
38:16 Halberdier
39:17 Masonry
39:55 Squires
40:49 Iron Casting
41:13 Siege Engineers
43:25 Gold Shaft Mining
42:40 Stone Mining
43:21 Crop Rotation
43:04 Bracer
44:16 Fabric Shields
44:01 Onager
44:21 Champi Warrior
47:32 Elite Skirmisher
52:01 Ring Archer Armor
54:48 Andean Sling
55:31 Elite Champi Warrior
56:38 Fabric Shields
58:45 Guilds
王先生
10:45 Feudal Age
14:35 Castle Age
12:37 Double-Bit Axe
13:29 Horse Collar
16:05 Bow Saw
16:41 Fervor
20:09 Heavy Plow
22:03 Wheelbarrow
23:47 Treadmill Crane
24:23 Loom
25:04 Sanctity
25:25 Fortified Wall
28:23 Imperial Age
27:21 Chemistry
26:42 Padded Archer Armor
34:06 Elite Skirmisher
35:14 Leather Archer Armor
34:50 Fletching
35:19 Hand Cart
34:50 Town Watch
35:31 Pikeman
36:37 Bodkin Arrow
37:13 Ring Archer Armor
37:32 Bracer
38:03 Ring Archer Armor
37:08 Halberdier
37:48 Squires
37:34 Arson
39:14 Town Patrol
39:45 Ring Archer Armor
39:16 Scale Mail Armor
39:27 Forging
39:40 Ballistics
40:08 Houfnice
41:42 Herbal Medicine
44:16 Coinage
44:35 Wagenburg Tactics
44:51 Conscription
45:43 Iron Casting
46:39 Chain Mail Armor
47:26 Blast Furnace
50:26 Arson
51:59 Plate Mail Armor
56:49 Masonry
58:38 Siege Engineers
60:02 Architecture
許大哥
10:38 Feudal Age
15:00 Castle Age
12:52 Double-Bit Axe
13:08 Horse Collar
15:57 Bow Saw
16:33 Heavy Plow
20:59 Wheelbarrow
20:23 Gold Mining
22:37 Loom
25:22 Scale Barding Armor
25:12 Stone Mining
28:17 Imperial Age
26:11 Bloodlines
27:32 Chain Barding Armor
27:56 Hand Cart
28:27 Cavalier
30:12 Forging
31:44 Plate Barding Armor
31:32 Conscription
32:32 Chemistry
32:42 Crop Rotation
33:19 Two-Man Saw
32:58 Iron Casting
32:42 Paladin
35:43 Blast Furnace
36:59 Town Watch
37:28 Scale Mail Armor
37:59 Town Patrol
40:29 Stone Shaft Mining
40:14 Chain Mail Armor
40:35 Coinage
39:39 Onager
40:48 Gambesons
40:32 Elite Teutonic Knight
41:18 Heavy Scorpion
42:21 Siege Engineers
42:37 Ballistics
43:16 Guilds
43:54 Plate Mail Armor
46:02 Squires
45:48 Arson
47:22 Ironclad
47:25 Crenellations
47:03 Fletching
48:32 Fortified Wall
49:26 Hoardings
49:01 Bodkin Arrow
49:26 Masonry
49:54 Hoardings
50:41 Padded Archer Armor
55:03 Pikeman
56:30 Halberdier
李大爺
10:24 Feudal Age
11:40 Double-Bit Axe
11:55 Man-at-Arms
12:39 Horse Collar
18:48 Castle Age
17:01 Fletching
19:59 Loom
33:33 Bow Saw
40:19 Bodkin Arrow
42:30 Ballistics
43:00 Padded Archer Armor
43:55 Wheelbarrow
44:10 Bloodlines
44:21 Gold Mining
44:54 Husbandry
45:26 Stone Mining
46:03 Leather Archer Armor
49:11 Thumb Ring
52:03 Imperial Age
53:00 Bracer
53:29 Parthian Tactics
53:54 Heavy Cavalry Archer
55:39 Chemistry
南港包大爺
10:39 Feudal Age
8:55 Loom
14:45 Castle Age
12:33 Double-Bit Axe
12:54 Horse Collar
16:12 Bow Saw
15:56 Gold Mining
25:54 Fletching
26:02 Elite Skirmisher
26:43 Bodkin Arrow
31:33 Thumb Ring
32:13 Heavy Plow
38:12 Imperial Age
36:45 Padded Archer Armor
37:59 Ballistics
39:17 Leather Archer Armor
40:31 Chemistry
40:39 Bracer
45:51 Stone Mining
59:31 Wheelbarrow
Connection lost

Rejoining the realm…

Still unreachable

The connection could not be restored.

Session expired

The server has moved on; the page needs a fresh start.